 Dungeon Crawl Stone Soup version 0.29.1-15-g9cfb28693d (webtiles) character file.

Game seed: 9432306339021086297

472 Artool the Trooper (level 6, 0/51 HPs)
             Began as a Demonspawn Fighter on Apr 6, 2023.
             Killed by nerve-wracking pain
             ... invoked by Grinder
              (3 damage)
             ... on level 4 of the Dungeon.
             The game lasted 00:06:47 (5064 turns).

Artool the Trooper (Demonspawn Fighter)             Turns: 5064, Time: 00:06:48

Health: 0/51       AC:  9    Str: 18    XL:     6   Next: 83%
Magic:  6/6        EV:  9    Int:  9    God:
Gold:   329        SH:  4    Dex: 13    Spells: 5/5 levels left

rFire   . . .      SeeInvis .   m - +0 whip
rCold   . . .      Faith    .   c - +0 buckler
rNeg    . . .      Spirit   .   b - +0 scale mail
rPois   .          Reflect  .   (no helmet)
rElec   .          Harm     .   (no cloak)
rCorr   .          Rampage  .   (no gloves)
Will    .....                   (no boots)
Stlth   ..........              (no amulet)
HPRegen 0.17/turn               (no ring)
MPRegen 0.10/turn               (no ring)

@: no status effects
A: icy blue scales 1, foul stench 1, demonic magic 2
a: no special abilities


You were on level 4 of the Dungeon.
You visited 1 branch of the dungeon, and saw 5 of its levels.

You collected 329 gold pieces.

Inventory:

Hand Weapons
 a - a +0 flail
 m - a +0 whip (weapon)
Armour
 b - a +0 scale mail (worn)
 c - a +0 buckler (worn)
Jewellery
 i - a ring of resist corrosion
 p - a +6 ring of strength
Wands
 s - a wand of charming (6)
Scrolls
 e - 3 scrolls of identify {unknown}
 f - a scroll of magic mapping {unknown}
 h - a scroll of noise {unknown}
 k - a scroll of amnesia {unknown}
 l - a scroll of teleportation {unknown}
 o - a scroll of blinking {unknown}
 r - 3 scrolls of enchant weapon {unknown}
 t - a scroll of poison {unknown}
 v - a scroll of fog {unknown}
 x - a scroll of fear {unknown}
 y - a scroll of acquirement {unknown}
Potions
 d - a potion of might
 g - 2 potions of flight {unknown}
 j - 2 potions of magic {unknown}
 n - 2 potions of heal wounds {unknown}
 q - a potion of invisibility {unknown}
 u - 2 potions of mutation {unknown}
 w - 2 potions of haste


   Skills:
 + Level 5.0 Fighting
 + Level 4.1 Maces & Flails
 + Level 4.6 Armour
 - Level 2.6 Shields


You had 5 spell levels left.
You didn't know any spells.
Your spell library contained the following spells:

 Spells                   Type           Power      Damage    Failure   Level
 Foxfire                  Conj/Fire      0%         2x1d4     86%         1
 Conjure Flame            Conj/Fire      0%         6-21      99%         3
 Inner Flame              Hex/Fire       0%         N/A       99%         3
 Flame Wave               Conj/Fire      0%         2d4       100%        4


Dungeon Overview and Level Annotations

Branches:
Dungeon (5/15)
 Temple: D:4-7

Altars:

Annotations:
D:4 Grinder


Innate Abilities, Weirdness & Mutations

You are partially covered in icy blue scales. (AC +2)
You may rarely emit foul miasma when damaged in melee.
Spells you cast may paralyse nearby enemies.


Message History

Unknown command.
You hit Grinder but do no damage.
Grinder is heavily wounded.
Grinder hits you but does no damage.
Unknown command.
You barely miss Grinder.
Grinder is heavily wounded.
Grinder blinks!
Unknown command.
Unknown command.
You hit Grinder.
Grinder is heavily wounded.
Grinder hits you.
* * * LOW HITPOINT WARNING * * *
You writhe in agony.
* * * LOW HITPOINT WARNING * * *
You hit Grinder.
Grinder is heavily wounded.
Grinder gestures at you.
You barely resist. You closely miss Grinder.
Grinder is heavily wounded.
Grinder blinks!
Unknown command.
Unknown command.
Grinder gestures at you. You resist with significant effort.
Grinder gestures at you. Pain shoots through your body!
* * * LOW HITPOINT WARNING * * *
There is a stone staircase leading up here.
Grinder gestures at you.
You suddenly lose the ability to move!
You stop ascending the stairs.
Grinder gestures at you. You resist with significant effort.
Grinder says, "I used to sell toenails on the black market."
You can move again.
Grinder gestures at you. Pain shoots through your body!
You die...

########### ..........##
...........# .........#.####
..#####.......###
..#...#...###...# ..'...#..##
#...## ..#...#...# #...@#
..#####...#####..#####
...........##......#.########
................5......##...#
..................##.##.....#
#......###......#.#........##
.......##......##..........#
#....###........#......).###
.....#.#..##..........[.###


You could see Grinder.

Vanquished Creatures
  An ogre (D:4)
  A phantom (D:4)
  3 iguanas
  Jessica (D:3)
  2 orc wizards
  Ijyb (D:3)
  4 adders
  2 worms
  2 dart slugs (D:2)
  7 orcs
  8 ball pythons
  7 bats
  12 endoplasms
  3 giant cockroaches
  5 goblins
  10 hobgoblins
  3 jackals (D:1)
  A frilled lizard (D:3)
  4 kobolds
  4 rats
81 creatures vanquished.

Vanquished Creatures (others)
  10 plants (D:2)
10 creatures vanquished.

Grand Total: 91 creatures vanquished

Notes
Turn   | Place    | Note
-------+----------+-------------------------------------------
     0 | D:1      | Artool the Demonspawn Fighter began the quest for the Orb.
     0 | D:1      | Reached XP level 1. HP: 18/18 MP: 1/1
    52 | D:1      | You fall into a shaft and drop 1 floor!
    89 | D:2      | Gained mutation: You may rarely emit foul miasma when
                  | damaged in melee. [demonic ancestry]
    89 | D:2      | Reached XP level 2. HP: 18/24 MP: 2/2
   606 | D:2      | Found a faded altar of an unknown god.
   751 | D:2      | Gained mutation: You are partially covered in icy blue
                  | scales. (AC +2) [demonic ancestry]
   751 | D:2      | Reached XP level 3. HP: 9/29 MP: 3/3
  2170 | D:3      | Noticed Ijyb
  2228 | D:3      | Gained mutation: Spells you cast may paralyse adjacent
                  | enemies. [demonic ancestry]
  2228 | D:3      | Reached XP level 4. HP: 37/37 MP: 4/4
  2425 | D:3      | Reached skill level 4 in Fighting
  2629 | D:3      | Noticed Jessica
  2651 | D:3      | Killed Jessica
  2652 | D:3      | Reached XP level 5. HP: 10/42 MP: 5/5
  2928 | D:3      | Killed Ijyb
  3383 | D:3      | HP: 2/43 [poisoned by an adder]
  3861 | D:4      | Noticed an ogre
  3878 | D:4      | Killed an ogre
  3879 | D:4      | Gained mutation: Spells you cast may paralyse nearby
                  | enemies. [demonic ancestry]
  3879 | D:4      | Reached XP level 6. HP: 34/49 MP: 6/6
  4062 | D:4      | Reached skill level 5 in Fighting
  4339 | D:4      | Noticed Grinder
  4341 | D:4      | Paralysed by Grinder for 4 turns
  4496 | D:4      | Paralysed by Grinder for 2 turns
  4730 | D:5      | Entered Level 5 of the Dungeon
  4730 | D:5      | Noticed an ice beast
  5022 | D:4      | Paralysed by Grinder for 4 turns
  5031 | D:4      | Paralysed by Grinder for 4 turns
  5044 | D:4      | HP: 2/51 [Grinder (2)]
  5058 | D:4      | HP: 2/51 [Grinder/nerve-wracking pain (3)]
  5060 | D:4      | Paralysed by Grinder for 4 turns
  5064 | D:4      | Killed from afar by Grinder

Illustrated notes

Levels and vault maps discovered:
D:1:      evilmike_arrival_crescent, layout_basic
D:2:      layout_loops_cross, ebering_ecumenical_altar_abandoned, serial_forest,
          infiniplex_forest_lined_1, infiniplex_forest_lined_ring,
          infiniplex_forest_split, infiniplex_forest_corner_1,
          infiniplex_forest_clump_cross, infiniplex_forest_clump_medium
D:3:      layout_basic, tso_metal_star, minmay_strange_pillars, uniq_ijyb,
          uniq_jessica
D:4:      layout_cave_pools, serial_column_ruins, column_ruins_hut,
          column_ruins_columns_straight, column_ruins_grid_1,
          column_ruins_grid_3, column_ruins_open_tiny, column_ruins_grid_1,
          column_ruins_open_large, hangedman_feature_mirror, uniq_grinder
D:5:      layout_loops_cross

Skill      XL: |  1  2  3  4  5  6 |
---------------+-------------------+-----
Maces & Flails | 2 3 4 |  4.1
Armour         | 3 4 |  4.6
Fighting       | 4 5 |  5.0
Shields        | |  2.6

Action                   |  1- 3 |  4- 6 || total
-------------------------+-------+-------++-------
Melee: Flail             |   160 |       ||   160
       Whip              |     3 |   234 ||   237
Armor: Scale mail        |    75 |   121 ||   196
Dodge: Dodged            |    80 |    85 ||   165
Block: Buckler           |    36 |    37 ||    73
